 Dungeon Crawl Stone Soup version 0.27-a0-1529-g1e82c303ef (webtiles) character file.

Game seed: 5484305137987866297

79 DocClef the Covert (level 4, -4/35 (41) HPs)
             Began as a Gnoll Delver on July 11, 2021.
             Slain by a wight (8 damage)
             ... on level 6 of the Dungeon.
             The game lasted 00:01:44 (671 turns).

DocClef the Covert (Gnoll Delver)                    Turns: 671, Time: 00:01:45

HP:   -4/35 (41)    AC:  3    Str: 12    XL:     4   Next: 37%
MP:   5/5           EV: 13    Int:  9    God:
Gold: 54            SH:  0    Dex: 14    Spells: 5/5 levels left

rFire    . . .     SeeInvis .   a - +0 mace
rCold    . . .     Faith    .   (no shield)
rNeg     . . .     Spirit   .   b - +0 leather armour
rPois    .         Reflect  .   (no helmet)
rElec    .         Harm     .   (no cloak)
rCorr    .         Rampage  .   (no gloves)
Will     .....                  (no boots)
Stlth    ++++......             (no amulet)
HPRegen  0.11/turn              (no ring)
MPRegen  0.09/turn              (no ring)

@: hasted, heavily drained, very quick
A: fangs 1, strong nose, distributed training
a: no special abilities


You were on level 6 of the Dungeon.
You visited 1 branch of the dungeon, and saw 2 of its levels.

You collected 54 gold pieces.

Inventory:

Hand Weapons
 a - a +0 mace (weapon)
Armour
 b - a +0 leather armour (worn)
Wands
 g - a wand of digging (3)
Scrolls
 c - a scroll of fog
 d - a scroll of magic mapping
 e - a scroll of fear
 j - a scroll of teleportation {unknown}
Potions
 h - a potion of mutation {unknown}
 i - a potion of attraction {unknown}


   Skills:
 + Level 6.6 Fighting
 + Level 1.1 Short Blades
 + Level 1.1 Long Blades
 + Level 1.1 Axes
 + Level 4.6 Maces & Flails
 + Level 1.1 Polearms
 + Level 1.1 Staves
 + Level 1.1 Slings
 + Level 1.1 Bows
 + Level 1.1 Crossbows
 + Level 1.1 Throwing
 + Level 1.1 Armour
 + Level 4.6 Dodging
 + Level 9.6 Stealth
 + Level 1.1 Shields
 + Level 1.1 Unarmed Combat
 + Level 1.1 Spellcasting
 + Level 0.8 Conjurations
 + Level 0.8 Hexes
 + Level 0.8 Summonings
 + Level 0.8 Necromancy
 + Level 0.8 Translocations
 + Level 0.8 Transmutations
 + Level 0.8 Fire Magic
 + Level 0.8 Ice Magic
 + Level 0.8 Air Magic
 + Level 0.8 Earth Magic
 + Level 0.8 Poison Magic
 + Level 1.2 Invocations
 + Level 1.1 Evocations


You had 5 spell levels left.
You didn't know any spells.
Your spell library was empty.

Dungeon Overview and Level Annotations

Branches:
Dungeon (6/15)
 Temple: D:4-7

Altars:
Elyvilon
Fedhas
Uskayaw

Annotations:
D:5 Edmund


Innate Abilities, Weirdness & Mutations

You have very sharp teeth.
Your uncanny sense of smell can sniff out nearby items.
Your experience applies equally to all skills.


Message History

The adder is severely wounded.
The adder closely misses you.
You hit the adder.
You kill the adder!
No target in view!
No target in view!
You start resting.
A gnoll sergeant comes into view. It is wielding a +0 spear of venom.
Found 10 gold pieces.
Found 19 gold pieces.
You now have 35 gold pieces (gained 10). 2 wights come into view.
A wight is wielding a +4 mace of freezing.
A wight comes into view. It is wielding a +4 hand axe.
You now have 54 gold pieces (gained 19).
There are no items here.
You see here a +0 dagger.
The wight closely misses you.
Press: ? - help, v - describe, . - travel
Here: a wight, wielding a +5 flail and wearing a +0 robe The floor.
You feel yourself speed up. The wight hits you with a +5 flail.
You feel drained.
You barely miss the wight. You hit the wight.
The wight is moderately damaged.
The wight hits you with a +5 flail!
You feel drained.
You barely miss the wight.
The wight is moderately damaged.
The wight misses you.
You hit the wight. You bite the wight, but do no damage.
The wight is moderately damaged.
The wight hits you with a +5 flail!
* * * LOW HITPOINT WARNING * * *
You feel drained.
* * * LOW HITPOINT WARNING * * *
You hit the wight but do no damage. Your bite misses the wight.
The wight is moderately damaged.
The wight hits you with a +5 flail!
You die...

..####'####...#
##..........#.... ..###⌠.⌠#
###.#####.....##.......
..'##...# +...#..##.#.#.#
....... ..##._._.
#.............# .....##
..####8####.(.......#.#.########
#.##.### #..##.....)....#
#.##.##+#######..........#
......')..#.....z##.....##
......#...#.....@########
#...###'###..##...#
#...###.###..##>..#
..................#
........#.#.#.#####
..............# #..###..#.#.#.#
## #........# ....#.#.#.#


You could see a wight.

Vanquished Creatures
  A hound (D:5)
  An iguana (D:5)
  2 adders (D:6)
  An ufetubus (D:6)
  An orc (D:6)
6 creatures vanquished.

Notes
Turn   | Place    | Note
-------+----------+-------------------------------------------
     0 | D:5      | Reached skill level 9 in Stealth
     0 | D:5      | DocClef the Gnoll Delver began the quest for the Orb.
     0 | D:5      | Reached XP level 1. HP: 23/23 MP: 1/1
     5 | D:5      | Noticed an orc priest
     8 | D:5      | Noticed an orc priest
    46 | D:6      | Reached XP level 2. HP: 29/29 MP: 2/2
   147 | D:6      | Found a hide-covered altar of Uskayaw.
   148 | D:6      | Found a white marble altar of Elyvilon.
   166 | D:6      | Found a blossoming altar of Fedhas.
   228 | D:5      | Reached skill level 1 in Invocations
   228 | D:5      | Reached XP level 3. HP: 31/35 MP: 2/4
   282 | D:5      | Reached skill level 1 in Short Blades
   282 | D:5      | Reached skill level 1 in Long Blades
   282 | D:5      | Reached skill level 1 in Axes
   282 | D:5      | Reached skill level 1 in Polearms
   282 | D:5      | Reached skill level 1 in Staves
   282 | D:5      | Reached skill level 1 in Slings
   282 | D:5      | Reached skill level 1 in Bows
   282 | D:5      | Reached skill level 1 in Crossbows
   282 | D:5      | Reached skill level 1 in Throwing
   282 | D:5      | Reached skill level 1 in Armour
   282 | D:5      | Reached skill level 1 in Shields
   282 | D:5      | Reached skill level 1 in Unarmed Combat
   282 | D:5      | Reached skill level 1 in Spellcasting
   282 | D:5      | Reached skill level 1 in Evocations
   282 | D:5      | Reached XP level 4. HP: 17/41 MP: 5/5
   555 | D:5      | Noticed Edmund
   632 | D:6      | Noticed a gnoll sergeant
   671 | D:6      | Slain by a wight

Illustrated notes

Levels and vault maps discovered:
D:5:      layout_basic, uniq_blork_the_orc, uniq_edmund
D:6:      layout_gridville, fiery_altar_vehumet, pf_just_have_faith,
          gammafunk_temple_overflow_statue, serial_shops,
          nicolae_shop_behind_doors, serial_glass, glass_columns_a,
          glass_columns_a, glass_columns_b, glass_columns_c, glass_columns_a,
          glass_columns_b, glass_columns_a, glass_columns_b,
          due_unseen_surprise, minmay_strange_pillars

Skill      XL: |  1  2  3 |
---------------+----------+-----
Stealth        | |  9.6
Invocations    | 1 |  1.2
Short Blades   | 1 |  1.1
Long Blades    | 1 |  1.1
Axes           | 1 |  1.1
Polearms       | 1 |  1.1
Staves         | 1 |  1.1
Slings         | 1 |  1.1
Bows           | 1 |  1.1
Crossbows      | 1 |  1.1
Throwing       | 1 |  1.1
Armour         | 1 |  1.1
Shields        | 1 |  1.1
Unarmed Combat | 1 |  1.1
Spellcasting   | 1 |  1.1
Evocations     | 1 |  1.1
Fighting       | |  6.6
Maces & Flails | |  4.6
Dodging        | |  4.6
Conjurations   | |  0.8
Hexes          | |  0.8
Summonings     | |  0.8
Necromancy     | |  0.8
Translocations | |  0.8
Transmutations | |  0.8
Fire Magic     | |  0.8
Ice Magic      | |  0.8
Air Magic      | |  0.8
Earth Magic    | |  0.8
Poison Magic   | |  0.8

Action                   |  1- 3 |  4- 6 || total
-------------------------+-------+-------++-------
Melee: Mace              |    18 |    10 ||    28
       Bite              |     1 |     2 ||     3
       Punch             |       |     1 ||     1
  Use: Potion            |       |     1 ||     1
 Stab: Sleeping          |     1 |       ||     1
Armor: Leather armour    |     2 |     1 ||     3
Dodge: Dodged            |    13 |    11 ||    24

Table legend: (Time is in decaauts)
 A = Elapsed time spent in this place.
 B = Non-inter-level travel time spent in this place.
 C = Inter-level travel time spent in this place.
 D = Time resting spent in this place.
 E = Time spent auto-exploring this place.
 F = Levels seen in this place.
 G = Mean time per level.
                   A        B        C        D        E       F      G
               +--------+--------+--------+--------+--------+-----+--------+
         Total |    674 |    674 |      0 |    215 |    256 |   2 |  337.0 |
       Dungeon |    674 |    674 |      0 |    215 |    256 |   2 |  337.0 |
               +--------+--------+--------+--------+--------+-----+--------+

Top non-repeatable levels by time:
     D:5: 389 daAuts
     D:6: 285 daAuts
